Map: Ever Dream LE

Players

CaptinFalcon

  • Race: Terran Terran
  • League: Diamond
  • Spawn Location: 1:00

VOD

Have the link to the VOD?

Description

Time

  • Played on: April 29, 2020, 5:05 p.m.
  • Length: 17:42
Show
View Real Time Build Order
Export as new Build Order

CaptinFalcon Terran 

Build Orders:  

Get SALT Encoding   

  12  0:01  SCV  
  13  0:18  SCV  
  14  0:24  Supply Depot  
  14  0:35  SCV  
  15  0:54  SCV  
  15  0:55  Barracks  
  16  1:01  Refinery  
  16  1:11  SCV  
  17  1:28  SCV  
  18  1:45  SCV  
  19  2:02  Orbital Command  
  19  2:06  Reaper  
  20  2:17  Command Center  
  20  2:29  Supply Depot  
  20  2:37  SCV  
  21  2:46  Marine  
  21  2:47  Refinery  
  22  2:54  SCV  
  23  3:02  Factory  
  23  3:11  SCV  
  24  3:25  Barracks Reactor  
  24  3:30  SCV  
  25  3:47  SCV  
  26  3:57  Orbital Command  
  26  4:02  Factory Tech Lab  
  26  4:06  SCV  
  26  4:07  Starport  
  27  4:15  Marine x2  
  29  4:23  SCV  
  29  4:28  Siege Tank  
  33  4:33  SCV  
  33  4:39  Supply Depot  
  34  4:40  SCV  
  34  4:41  Marine x2  
  37  4:50  SCV  
  37  4:57  SCV, Starport Tech Lab  
  39  5:06  Marine x2  
  39  5:07  SCV  
  42  5:10  Supply Depot  
  42  5:13  Siege Tank  
  42  5:14  SCV  
  46  5:24  SCV  
  47  5:30  SCV  
  47  5:31  Marine x2  
  47  5:39  Refinery  
  50  5:41  Refinery, SCV, Supply Depot  
  50  5:47  SCV  
  52  5:54  Raven  
  52  5:56  Marine x2  
  52  5:58  SCV  
  57  6:04  SCV  
  58  6:14  SCV, Supply Depot  
  59  6:21  SCV, Marine x2, Siege Tank  
  65  6:31  SCV  
  65  6:38  SCV  
  67  6:45  Supply Depot  
  67  6:46  Marine x2, Engineering Bay  
  67  6:48  SCV, Engineering Bay  
  70  6:55  SCV  
  71  7:03  Barracks  
  71  7:05  SCV  
  72  7:10  Marine, Siege Tank  
  72  7:11  Marine  
  72  7:12  SCV  
  72  7:17  Supply Depot x2  
  78  7:22  SCV  
  78  7:29  SCV  
  82  7:32  Terran Infantry Weapons Level 1  
  82  7:33  Terran Infantry Armor Level 1  
  82  7:35  Marine, Medivac  
  82  7:36  Marine  
  82  7:39  SCV  
  85  7:46  SCV  
  85  7:47  Stimpack  
  86  7:54  Supply Depot  
  86  7:55  Siege Tank  
  89  8:00  Marine  
  89  8:02  Marine  
  89  8:08  Command Center  
  91  8:12  SCV x2  
  93  8:23  Starport Reactor  
  93  8:27  Marine x3  
  93  8:29  SCV x2  
  98  8:35  Supply Depot  
  98  8:38  Supply Depot  
  98  8:46  SCV x2  
  98  8:47  Siege Tank  
  103  8:52  Marine x3  
  103  8:59  Armory  
  106  9:03  SCV x2  
  106  9:08  Supply Depot  
  108  9:10  Supply Depot  
  108  9:17  Marine x3  
  108  9:19  Medivac  
  113  9:22  Medivac  
  113  9:29  Refinery  
  115  9:35  Refinery  
  115  9:37  SCV x2  
  117  9:42  Marine x3  
  117  9:44  Siege Tank  
  123  9:51  Orbital Command  
  123  9:54  SCV x2  
  125  10:00  Supply Depot  
  125  10:03  Supply Depot  
  125  10:05  Supply Depot  
  125  10:07  Terran Vehicle And Ship Armor Level 1  
  125  10:10  SCV  
  125  10:11  SCV  
  125  10:18  Terran Infantry Weapons Level 2, Terran Infantry Armor Level 2  
  127  10:28  Marine x3  
  130  10:30  Siege Tank  
  130  10:32  Medivac  
  130  10:35  Medivac  
  137  10:53  Marine x3  
  137  10:59  Unknown  
  140  11:01  Command Center  
  140  11:04  SCV x3  
  143  11:15  Siege Tank  
  143  11:17  Medivac  
  143  11:18  Marine x3, Medivac  
  153  11:26  Supply Depot  
  153  11:32  Supply Depot  
  153  11:33  Supply Depot  
  153  11:40  Barracks  
  153  11:41  Barracks  
  153  11:43  SCV  
  153  11:44  SCV x2  
  153  11:45  Marine  
  153  11:46  Marine, Barracks x3  
  153  11:47  Marine  
  159  11:59  Medivac  
  161  12:00  Medivac, Siege Tank  
  161  12:01  SCV  
  161  12:02  SCV  
  161  12:04  SCV  
  169  12:10  Refinery x2  
  169  12:15  Marine x3  
  169  12:18  SCV x2  
  174  12:20  SCV  
  77  12:40  Marine x3  
  175  12:41  Planetary Fortress  
  175  12:43  Missile Turret  
  175  12:45  Siege Tank  
  181  12:50  Barracks Reactor x2  
  181  12:51  Barracks Reactor x3  
  181  12:55  Terran Vehicle And Ship Armor Level 2  
  183  13:04  Marine  
  183  13:05  Marine x2  
  184  13:15  Command Center  
  184  13:16  SCV x3  
  187  13:21  Unknown  
  187  13:27  Concussive Shells  
  187  13:29  Marine, Terran Infantry Weapons Level 3, Terran Infantry Armor Level 3  
  188  13:30  Marine  
  188  13:37  Siege Tank  
  193  13:41  Marine x4  
  193  13:42  Marine  
  193  13:44  Marine x3  
  200  13:56  Ghost Academy  
  200  14:00  Fusion Core  
  200  14:07  Unknown  
  200  14:29  Factory  
  200  14:37  Starport x2  
  200  14:42  Factory, Missile Turret  
  200  14:46  Missile Turret  
  200  14:48  Missile Turret  
  200  14:57  Command Center  
  200  15:03  Sensor Tower  
  200  15:12  Sensor Tower  
  200  15:13  Unknown  
  200  15:14  Sensor Tower, Command Center  
  200  15:26  Missile Turret  
  200  15:29  Missile Turret  
  200  15:32  Missile Turret  
  200  15:34  Missile Turret x2  
  200  15:36  Missile Turret  
  200  15:37  Missile Turret  
  200  15:48  Barracks  
  200  15:50  Barracks  
  200  15:57  Barracks  
  200  15:59  Factory Tech Lab  
  200  16:00  Starport Reactor, Barracks  
  200  16:01  Starport Reactor  
  200  16:03  Barracks  
  200  16:05  Factory Tech Lab  
  200  16:21  Command Center  
  200  16:28  Command Center  
  200  16:34  Planetary Fortress  
  200  16:50  Unknown  
  200  16:53  Orbital Command  
  200  17:19  Unknown  
  200  17:21  Command Center  
  200  17:22  Unknown  
  200  17:29  Missile Turret x2  
Tags
 
Add a new tag
Caveats
  • Supply blocks, unpowered buildings, or Contaminate may cause inaccurate times.
  • Supply counts are checked every 10 seconds.